 Dungeon Crawl Stone Soup version 0.26.1-11-gd32895ea62 (webtiles) character file.

Game seed: 7438645841407958747

155320 nothank2 the Warrior (level 17, -1/165 HPs)
             Began as a Minotaur Fighter on June 13, 2021.
             Was the Champion of Qazlal.
             Slain by a merfolk
             ... wielding a cursed -3 trident
              (12 damage)
             ... on level 4 of the Shoals on June 14, 2021.
             The game lasted 02:11:34 (32312 turns).

nothank2 the Warrior (Minotaur Fighter)            Turns: 32312, Time: 02:11:34

Health: -1/165     AC: 34    Str: 34    XL:     17   Next: 8%
Magic:  16/16      EV:  8    Int:  5    God:    Qazlal [******]
Gold:   1486       SH: 24    Dex: 14    Spells: 13/16 levels left

rFire    + . .     SeeInvis .   T - +7 demon trident of Giyc {elec, rN+ Will+}
rCold    . . .     Faith    +   c - +1 kite shield
rNeg     + . .     Spirit   .   f - +3 plate armour {Will+}
rPois    +         Reflect  .   Z - +2 hat
rElec    +         Harm     .   F - +2 cloak {rPois}
rCorr    .         Rampage  .   z - +0 pair of gloves
Will     ++++.                  L - +2 pair of boots
Stlth    ..........             C - amulet of faith
HPRegen  0.37/turn              d - +6 ring of strength
MPRegen  0.15/turn              p - ring of Fuaseelelox {*Drain rElec rF+ Will+ Dex+4}

@: protected from physical damage, very slightly contaminated, studying
Fighting, invisible, repel missiles
A: retaliatory headbutt, horns 2
a: Renounce Religion, Upheaval, Elemental Force, Disaster Area


You were on level 4 of the Shoals.
You worshipped Qazlal.
Qazlal was exalted by your worship.
You visited 5 branches of the dungeon, and saw 28 of its levels.
You also visited: Bailey.

You collected 3777 gold pieces.
You spent 2291 gold pieces at shops.

Inventory:

Hand Weapons
 a - a +5 demon trident of flaming
 r - the +9 fustibalus "Ufaer" {venom, rElec rF++ Str-4 Dex+3}
   (You found it on level 2 of the Shoals)

   It poisons the ammo it fires.
   It affects your strength (-4).
   It affects your dexterity (+3).
   It greatly protects you from fire.
   It insulates you from electricity.
 y - the +3 broad axe "Beast's Undoing" {freeze, +Inv}
   (You acquired it on level 1 of the Lair of Beasts)

   It has been specially enchanted to freeze those struck by it, causing extra
   injury to most foes and up to half again as much damage against particularly
   susceptible opponents.
   It can also slow down cold-blooded creatures.
   It lets you turn invisible.
 B - a +3 scimitar of flaming
 K - the +6 scimitar "Yhyaci" {antimagic, +Rage rElec rPois rC+}
   (You found it on level 6 of the Lair of Beasts)

   It reduces the magical energy of the wielder, and disrupts the spells and
   magical abilities of those hit.
   Natural abilities and divine invocations are not affected.
   It protects you from cold.
   It insulates you from electricity.
   It protects you from poison.
   It lets you go berserk.
 N - the +2 morningstar of Valuable Assets {venom, Str+3}
   (You acquired it on level 9 of the Dungeon)

   It poisons the flesh of those it strikes.
   It affects your strength (+3).
 T - the +7 demon trident of Giyc (weapon) {elec, rN+ Will+}
   (You bought it in a shop on level 14 of the Dungeon)

   Occasionally, upon striking a foe, it can discharge electrical energy and
   cause terrible harm.
   It protects you from negative energy.
   It affects your willpower, your defense against some magical effects.
 Y - the +9 great mace "Siunal" {drain, rPois Dex+7 SInv}
   (You took it off a two-headed ogre on level 1 of the Orcish Mines)

   A truly terrible weapon, it drains the life of those it strikes.
   It affects your dexterity (+7).
   It protects you from poison.
   It lets you see invisible.
Missiles
 J - 12 silver boomerangs (quivered)
Armour
 c - a +1 kite shield (worn)
 f - a +3 plate armour of willpower (worn)
 l - the +1 chain mail "Fyvvucer" {Rampage Str+4}
   (You bought it in a shop on level 2 of the Orcish Mines)

   It affects your strength (+4).
   It bestows one free step when moving towards enemies.
 z - a +0 pair of gloves (worn)
 F - a +2 cloak of poison resistance (worn)
 H - +0 fire dragon scales
 L - a +2 pair of boots (worn)
 P - a +1 plate armour of cold resistance
 Z - a +2 hat (worn)
Jewellery
 d - a +6 ring of strength (left hand)
 n - an uncursed ring of positive energy
 p - the ring of Fuaseelelox (right hand) {*Drain rElec rF+ Will+ Dex+4}
   (You found it on level 7 of the Dungeon)

   [ring of protection from fire]

   It affects your dexterity (+4).
   It protects you from fire.
   It insulates you from electricity.
   It affects your willpower, your defense against some magical effects.
   It causes draining when unequipped.
 C - an amulet of faith (around neck)
Wands
 e - a wand of flame (21)
 w - a wand of polymorph (22)
 x - a wand of disintegration (11)
 V - a wand of iceblast (19)
Scrolls
 b - 5 scrolls of fog
 g - 25 scrolls of identify
 i - 4 scrolls of magic mapping
 m - a scroll of brand weapon
 o - a scroll of silence
 q - 15 scrolls of remove curse
 v - 7 scrolls of teleportation
 A - 7 scrolls of fear
 D - 5 scrolls of blinking
 Q - a scroll of torment
Potions
 h - 6 potions of haste
 j - 2 potions of berserk rage
 s - 14 potions of curing
 t - 2 potions of cancellation
 E - 2 potions of might
 I - a potion of resistance
 W - a potion of flight
Books
 M - a manual of Fighting
Miscellaneous
 u - a phial of floods
 O - a condenser vane


   Skills:
 + Level 18.3 Fighting
 - Level 9.5 Long Blades
 - Level 8.4(15.8) Axes
 - Level 15.7(16.3) Maces & Flails
 * Level 15.1(15.7) Polearms
 + Level 1.1 Throwing
 + Level 15.8 Armour
 + Level 14.5 Shields
 + Level 1.2 Invocations


You had 13 spell levels left.
You knew the following spells:

 Your Spells              Type           Power        Failure   Level
a - Wereblood             Tmut           0%           98%         2
b - Summon Small Mammal   Summ           0%           94%         1

Your spell library contained the following spells:

 Spells                   Type           Power        Failure   Level
 Beastly Appendage        Tmut           0%           94%         1
 Corona                   Hex            0%           94%         1
 Foxfire                  Conj/Fire      0%           94%         1
 Call Imp                 Summ           0%           98%         2
 Slow                     Hex            0%           98%         2
 Call Canine Familiar     Summ           0%           100%        3
 Confusing Touch          Hex            0%           100%        3
 Conjure Flame            Conj/Fire      0%           100%        3
 Gell's Gravitas          Tloc           0%           100%        3
 Inner Flame              Hex/Fire       0%           100%        3
 Portal Projectile        Hex/Tloc       0%           100%        3
 Spider Form              Tmut/Pois      0%           100%        3
 Static Discharge         Conj/Air       0%           100%        3
 Summon Guardian Golem    Hex/Summ       0%           100%        3
 Animate Dead             Necr           0%           100%        4
 Cause Fear               Hex            0%           100%        4
 Fulminant Prism          Conj/Hex       0%           100%        4
 Ice Form                 Ice/Tmut       0%           100%        4
 Leda's Liquefaction      Hex/Erth       0%           100%        4
 Petrify                  Tmut/Erth      0%           100%        4
 Sticky Flame             Conj/Fire      0%           100%        4
 Summon Ice Beast         Ice/Summ       0%           100%        4
 Summon Lightning Spire   Summ/Air       0%           100%        4
 Alistair's Intoxication  Tmut/Pois      0%           100%        5
 Blade Hands              Tmut           0%           100%        5
 Borgnjor's Vile Clutch   Necr/Erth      0%           100%        5
 Fireball                 Conj/Fire      0%           100%        5
 Lightning Bolt           Conj/Air       0%           100%        5
 Metabolic Englaciation   Hex/Ice        0%           100%        5
 Yara's Violent Unravell  Hex/Tmut       0%           100%        5
 Death Channel            Necr           0%           100%        6
 Simulacrum               Ice/Necr       0%           100%        6
 Ignition                 Fire           0%           100%        8
 Shatter                  Erth           0%           100%        9
 Tornado                  Air            0%           100%        9


Dungeon Overview and Level Annotations

Branches:
Dungeon (15/15)            Temple (1/1) D:7            Lair (6/6) D:8
 Shoals (4/4) Lair:4       Spider (0/4) Lair:2        Slime (0/5) Lair:5
    Orc (2/2) D:12            Elf (0/3) Orc:2        Vaults (0/5) D:13
 Depths (0/5) D:15         Bailey (visited)

Altars:
Ashenzari
Cheibriados
Dithmenos
Elyvilon
Fedhas
Gozag
Hepliaklqana
Kikubaaqudgha
Makhleb
Nemelex Xobeh
Okawaru
Qazlal
Ru
Trog
Uskayaw
Vehumet
Wu Jian
Xom
Yredelemnul
Zin
The Shining One
Beogh
Jiyva

Shops:
D:7 *   D:10 :?=[   D:11 (   D:14 (((!   Orc:2 (*[=   Shoals:2 }   Shoals:3 (

Annotations:
Shoals:4 Polyphemus


Innate Abilities, Weirdness & Mutations

You reflexively headbutt those who attack you in melee.
You have a pair of horns on your head.


Message History

You headbutt the sea snake!!
The sea snake is almost dead.
The merfolk impaler shouts!
You hear a bleat! x2
The harpy claws you!
* * * LOW HITPOINT WARNING * * *
The harpy claws you but does no damage. You block the sea snake's attack.
You feel better.
The harpy screeches!
The merfolk impaler shouts!
You block the harpy's attack. x2
The sea snake bites you but does no damage.
You block the merfolk's attack.
The harpy screeches!
The merfolk impaler shouts!
You hear a shout!
You block the harpy's attack. The harpy claws you but does no damage.
You block the harpy's attack. The harpy claws you but does no damage.
The sea snake bites you but does no damage.
The merfolk siren chants a haunting song.
You resist with almost no effort.
A manticore comes into view.
The merfolk hits you from afar with a cursed -3 trident!
You die...

≈≈≈≈≈≈≈.........
≈≈≈≈≈≈........#
≈≈≈≈≈≈.......#
≈≈≈≈≈.......#.#
≈≈≈≈≈......#.#
≈≈≈≈$....mm#
≈≈≈≈≈....m.#
≈≈≈≈≈.^..HS#
≈≈≈≈≈≈≈.°@☼#
≈≈≈≈≈≈≈≈≈○○##
≈≈≈≈≈≈≈≈≈°§§#
≈≈≈≈≈≈≈≈≈≈≈≈#
≈≈≈≈≈≈≈≈≈≈≈≈H
≈≈≈≈≈≈≈≈≈≈≈≈≈≈≈
≈≈≈≈≈≈≈≈≈≈≈≈≈≈≈≈≈
≈≈≈≈≈≈≈≈≈≈≈≈≈≈≈≈≈
≈≈≈≈≈≈≈≈≈≈≈≈≈≈≈≈


You could see a merfolk impaler, a sea snake, a merfolk, a manticore
(wandering), a merfolk siren and a harpy.

Vanquished Creatures
  The ghost of AtomicRavioli the Warrior, an adept OgFi of Makhleb (Shoals:1)
  Kirke (Lair:5)
  A fire giant (D:8)
  The ghost of burt the Thaumaturge, a journeyman DrCj of Vehumet (Orc:1)
  An orc warlord (Orc:2)
  3 merfolk javelineers
  Josephine (Lair:4)
  Harold (D:7)
  A fire dragon (Lair:6)
  7 boulder beetles
  4 vault guards
  A merfolk avatar (Shoals:1)
  A catoblepas (D:14)
  10 hydras
  An alligator snapping turtle (Shoals:1)
  18 two-headed ogres
  2 centaur warriors
  Erica (Lair:2)
  An ogre mage (D:15)
  A death knight (D:14)
  3 merfolk aquamancers
  5 death yaks
  The ghost of Dillybarz the Covert, a novice OpBr of Dithmenos (D:8)
  2 orc high priests
  Urug (Orc:2)
  Nergalle (Orc:1)
  3 skeletal warriors (D:11)
  5 sea snakes
  A wizard (D:15)
  3 unseen horrors
  Pikel (D:4)
  2 phantasmal warriors (D:14)
  17 harpies
  4 orc knights
  2 wolf spider zombies
  3 deep elf magi
  An oklob plant (Orc:2)
  10 orc sorcerers
  A lindwurm (Lair:6)
  13 manticores
  9 ugly things
  6 cyclopes
  8 fauns
  A water nymph (Shoals:4)
  A naga mage (D:15)
  A merfolk siren (Shoals:3)
  7 black mambas
  2 torpor snails (Lair:3)
  8 molten gargoyles
  10 cane toads
  3 centaur zombies
  A gargoyle (D:9)
  A demonic crawler (Lair:2)
  4 rime drakes
  A freezing wraith (D:14)
  3 kobold demonologists
  15 komodo dragons
  5 trolls
  22 merfolk
  3 meliai
  Prince Ribbit (D:7)
  4 wind drakes
  7 blink frogs
  5 slime creatures (D:15)
  3 polar bears
  16 dream sheep
  3 snapping turtles
  2 shadows
  A spriggan (Lair:4)
  Sigmund (D:2)
  A vampire (D:10)
  6 wraiths
  2 wyverns
  2 fire elementals (D:13)
  A human (Lair:5)
  63 yaks
  5 hogs (Lair:5)
  10 water elementals
  Grum (D:11)
  10 basilisks
  2 vampire mosquitoes (D:14)
  3 steam dragons
  A warg (Orc:2)
  20 water moccasins
  3 hell hounds (Lair:6)
  Duvessa (D:7)
  An acid dragon (D:8)
  7 sky beasts
  37 orc warriors
  2 necrophages
  9 ice beasts
  2 black bears
  2 phantoms
  9 ogres
  2 eyes of draining
  42 wolves
  2 lemures (D:4)
  12 centaurs
  19 big kobolds
  Blork the orc (D:4)
  24 bullfrogs
  Dowan (D:7)
  A wyvern zombie (D:9)
  A wyvern skeleton (D:12)
  3 scorpions
  A water moccasin skeleton (D:5)
  15 killer bees
  10 wights
  3 howler monkeys
  13 electric eels
  9 lava snakes
  4 centaur skeletons
  2 quasits
  A gnoll shaman (D:3)
  15 orc priests
  10 hounds
  3 jellies
  23 orc wizards
  Crazy Yiuf (D:7)
  2 bullfrog skeletons (D:11)
  Ijyb (D:3)
  2 iguanas
  7 worker ants
  2 hound zombies
  3 hound skeletons
  A worker ant zombie (D:10)
  12 adders
  20 gnolls
  2 shadow imps
  4 white imps
  3 ufetubi
  An ooze (D:5)
  An adder skeleton (D:7)
  2 worms
  3 dart slugs
  5 leopard geckos
  71 orcs
  4 bats
  9 giant cockroaches
  11 hobgoblins
  4 jackals
  4 quokkas
  2 frilled lizards
  19 goblins
  31 kobolds
  A quokka skeleton (D:7)
  9 rats
  A fire vortex (D:15)
946 creatures vanquished.

Vanquished Creatures (others)
  A dream sheep (Shoals:4)
  A snapping turtle (Shoals:1)
  A basilisk (Lair:6)
  2 orc priests (Orc:2)
  An orc (Orc:2)
  A quokka (D:12)
  A bush (Lair:4)
  32 fungi
  135 plants
175 creatures vanquished.

Grand Total: 1121 creatures vanquished

Notes
Turn   | Place    | Note
-------+----------+-------------------------------------------
     0 | D:1      | nothank2 the Minotaur Fighter began the quest for the Orb.
     0 | D:1      | Reached XP level 1. HP: 19/19 MP: 0/0
   164 | D:1      | Reached XP level 2. HP: 27/27 MP: 1/1
   234 | D:1      | Reached skill level 4 in Fighting
   333 | D:1      | Reached XP level 3. HP: 27/33 MP: 2/2
   827 | D:2      | Noticed Sigmund
   839 | D:2      | Killed Sigmund
   840 | D:2      | Reached skill level 5 in Armour
   840 | D:2      | Reached XP level 4. HP: 20/41 MP: 3/3
   840 | D:2      | Reached XP level 5. HP: 23/47 MP: 4/4
  1847 | D:3      | Noticed Ijyb
  1860 | D:3      | Killed Ijyb
  1863 | D:3      | Reached skill level 5 in Axes
  1863 | D:3      | Reached XP level 6. HP: 38/53 MP: 5/5
  1871 | D:3      | Reached skill level 5 in Shields
  2378 | D:3      | Reached skill level 5 in Fighting
  2508 | D:3      | Reached XP level 7. HP: 59/61 MP: 6/6
  3072 | D:4      | Noticed Pikel
  3090 | D:4      | Killed Pikel
  3091 | D:4      | Reached XP level 8. HP: 27/70 MP: 7/7
  3312 | D:4      | Reached skill level 6 in Fighting
  3312 | D:4      | Got a thick robe
  3323 | D:4      | Identified the +1 robe of the Fiddle {+Inv rCorr} (You
                  | found it on level 4 of the Dungeon)
  3349 | D:4      | Noticed Blork the orc
  3356 | D:4      | Killed Blork the orc
  3357 | D:4      | Reached skill level 1 in Maces & Flails
  3668 | D:4      | Found a shimmering altar of Xom.
  3670 | D:4      | Found a hazy altar of Hepliaklqana.
  3841 | D:5      | Entered Level 5 of the Dungeon
  3923 | D:5      | Found an ancient bone altar of Kikubaaqudgha.
  4208 | D:5      | Reached skill level 5 in Maces & Flails
  4745 | D:6      | Reached XP level 9. HP: 57/78 MP: 8/8
  5153 | D:6      | Found a shadowy altar of Dithmenos.
  5159 | D:6      | Found an opulent altar of Gozag.
  5642 | D:7      | Noticed Harold
  5670 | D:7      | Killed Harold
  5671 | D:7      | Reached skill level 7 in Fighting
  5873 | D:7      | Found a staircase to the Ecumenical Temple.
  5880 | Temple   | Entered the Ecumenical Temple
  5951 | Temple   | Became a worshipper of Qazlal Stormbringer
  5971 | D:7      | Noticed Duvessa
  5973 | D:7      | Noticed Dowan
  5987 | D:7      | Killed Duvessa
  5990 | D:7      | Killed Dowan
  6099 | D:7      | Found a runed translucent door.
  6100 | D:7      | Noticed Crazy Yiuf
  6108 | D:7      | Killed Crazy Yiuf
  6234 | D:7      | Noticed Prince Ribbit
  6264 | D:7      | Killed Prince Ribbit
  6357 | D:7      | Found Dyph's General Store.
  6363 | D:7      | Bought a +0 pair of boots for 63 gold pieces
  6410 | D:7      | Reached skill level 10 in Maces & Flails
  6859 | D:7      | Reached XP level 10. HP: 86/86 MP: 9/9
  6871 | D:7      | Found a blossoming altar of Fedhas.
  6886 | D:7      | Reached * piety under Qazlal
  7814 | D:7      | Noticed a cyclops
  7828 | D:7      | Killed a cyclops
  7872 | D:7      | Got a pitted wooden ring
  7873 | D:7      | Identified the Handbook of the Komodo Dragon
  7877 | D:7      | Reached ** piety under Qazlal
  8185 | D:7      | Identified the ring of Fuaseelelox {*Drain rElec rF+ Will+
                  | Dex+4} (You found it on level 7 of the Dungeon)
  8306 | D:8      | Reached skill level 8 in Fighting
  8702 | D:8      | Found a staircase to the Lair.
  8968 | D:8      | Reached skill level 10 in Shields
  9227 | D:8      | Found a hide-covered altar of Uskayaw.
  9337 | D:8      | Found a runed translucent door.
  9338 | D:8      | Noticed Dillybarz's ghost (novice OpBr)
  9338 | D:8      | Noticed a fire giant
  9413 | D:8      | Reached *** piety under Qazlal
  9763 | D:9      | Found a radiant altar of Vehumet.
  9764 | D:9      | Found a broken altar of Ashenzari.
  9764 | D:9      | Found a glowing golden altar of the Shining One.
  9768 | D:9      | Found a bloodstained altar of Trog.
  9769 | D:9      | Found an ornate altar of the Wu Jian Council.
  9966 | D:9      | Noticed a gargoyle
  9977 | D:9      | Killed a gargoyle
  9981 | D:9      | Learned a level 2 spell: Wereblood
 10361 | D:9      | Reached XP level 11. HP: 95/95 MP: 10/10
 10410 | D:9      | Reached **** piety under Qazlal
 10633 | D:9      | Identified 2 scrolls of acquirement
 10633 | D:9      | Acquired the +2 morningstar of Valuable Assets {venom,
                  | Str+3}
 10636 | D:9      | Acquired the +0 pair of gloves of the Bull {Will+ Dex+3
                  | Stlth+}
 10660 | D:10     | Entered Level 10 of the Dungeon
 10832 | D:10     | Found Puk Non's Book Emporium.
 10838 | D:10     | Found Cink's Magic Scroll Boutique.
 10945 | D:10     | Found Alemm's Jewellery Shoppe.
 10946 | D:10     | Reached ***** piety under Qazlal
 11238 | D:10     | Found Roassele's Armour Shop.
 11452 | D:8      | Killed a fire giant
 11453 | D:8      | Reached skill level 9 in Fighting
 11462 | D:8      | Killed Dillybarz's ghost
 11696 | D:11     | Noticed an orc knight
 11700 | D:11     | Noticed a skeletal warrior
 11707 | D:11     | Noticed a skeletal warrior
 11708 | D:11     | Killed an orc knight
 11717 | D:11     | Killed a skeletal warrior
 11718 | D:11     | Reached skill level 15 in Maces & Flails
 11726 | D:11     | Killed a skeletal warrior
 11760 | D:11     | Noticed a skeletal warrior
 11772 | D:11     | Killed a skeletal warrior
 11782 | D:11     | Reached XP level 12. HP: 52/105 MP: 11/11
 11874 | D:11     | Noticed Grum
 11879 | D:11     | Killed Grum
 12208 | D:11     | Learned a level 1 spell: Summon Small Mammal
 12645 | D:11     | Reached skill level 10 in Fighting
 12718 | D:11     | Found Uriatwao's Antique Weapon Shop.
 13003 | D:11     | Found a glowing golden altar of the Shining One.
 13218 | D:12     | Noticed a two-headed ogre
 13233 | D:12     | Killed a two-headed ogre
 13261 | D:12     | Noticed a two-headed ogre
 13268 | D:12     | Killed a two-headed ogre
 13410 | D:12     | Found a flagged portal.
 13419 | Bailey   | Entered a bailey
 13467 | Bailey   | Noticed an orc high priest
 13475 | Bailey   | Killed an orc high priest
 13488 | Bailey   | Found an iron altar of Okawaru.
 13490 | Bailey   | Reached ****** piety under Qazlal
 14174 | D:12     | Noticed a two-headed ogre
 14179 | D:12     | Killed a two-headed ogre
 14218 | D:12     | Noticed a boulder beetle
 14254 | D:12     | Killed a boulder beetle
 14255 | D:12     | Reached skill level 11 in Fighting
 14260 | D:12     | Reached XP level 13. HP: 89/116 MP: 12/12
 14500 | D:12     | Found a staircase to the Orcish Mines.
 15286 | Lair:1   | Entered Level 1 of the Lair of Beasts
 15375 | Lair:1   | HP: 5/116 [cane toad (7)]
 15673 | D:8      | Acquired a manual of Fighting
 15719 | Lair:1   | Reached skill level 10 in Armour
 15734 | Lair:1   | Reached skill level 1 in Long Blades
 15837 | Lair:1   | Acquired the +3 broad axe "Beast's Undoing" {freeze, +Inv}
 16483 | Lair:2   | Noticed Erica
 16490 | Lair:2   | Killed Erica
 16695 | Lair:2   | Reached skill level 12 in Fighting
 16761 | Lair:2   | Found a hole to the Spider Nest.
 17680 | Lair:3   | Found a snail-covered altar of Cheibriados.
 18298 | Lair:4   | Noticed Josephine
 18316 | Lair:4   | Killed Josephine
 18317 | Lair:4   | Reached skill level 13 in Fighting
 18317 | Lair:4   | Reached XP level 14. HP: 123/129 MP: 13/13
 18730 | Lair:4   | Found a staircase to the Shoals.
 19596 | Lair:5   | Noticed Kirke
 19621 | Lair:5   | Killed Kirke
 19622 | Lair:5   | Reached skill level 5 in Long Blades
 19653 | Lair:5   | Acquired a +1 cloak of poison resistance
 19859 | Lair:5   | Found a viscous altar of Jiyva.
 19859 | Lair:5   | Found a staircase to the Slime Pits.
 20243 | Lair:6   | Entered Level 6 of the Lair of Beasts
 20296 | Lair:6   | Reached skill level 14 in Fighting
 20643 | Lair:6   | Found a large runed translucent door.
 20998 | Lair:6   | Found a large runed translucent door.
 21238 | Lair:6   | Reached skill level 1 in Invocations
 21426 | Lair:6   | Reached skill level 15 in Armour
 21614 | Lair:6   | Reached XP level 15. HP: 139/139 MP: 14/14
 21623 | Lair:6   | Got a shimmering scimitar
 21624 | Lair:6   | Identified the +6 scimitar "Yhyaci" {antimagic, +Rage rElec
                  | rPois rC+} (You found it on level 6 of the Lair of Beasts)
 22172 | Lair:6   | Acquired 985 gold pieces
 22672 | D:13     | Reached skill level 15 in Fighting
 23350 | D:13     | Found a gate to the Vaults.
 24248 | D:14     | Found Xiumuugh's Weapon Boutique.
 24360 | D:14     | Bought the +7 demon trident of Giyc {elec, rN+ Will+} for
                  | 1250 gold pieces
 24461 | D:14     | Found Beskobett's Antique Weapon Emporium.
 24485 | D:14     | Reached skill level 1 in Polearms
 24516 | D:14     | Found Faurphiu's Antique Weapon Shop.
 24754 | D:14     | Found Iduafa's Distillery.
 24763 | D:14     | Bought a potion of heal wounds for 60 gold pieces
 24763 | D:14     | Bought 2 potions of might for 96 gold pieces
 24788 | D:14     | Reached skill level 16 in Fighting
 25117 | D:15     | Entered Level 15 of the Dungeon
 25443 | D:15     | Reached skill level 5 in Polearms
 25870 | D:15     | Found a staircase to the Depths.
 26623 | Orc:1    | Entered Level 1 of the Orcish Mines
 26707 | Orc:1    | Found a roughly hewn altar of Beogh.
 26824 | Orc:1    | Reached XP level 16. HP: 149/152 MP: 15/15
 26836 | Orc:1    | Noticed burt's ghost (journeyman DrCj)
 26839 | Orc:1    | Identified the +8 dire flail of Conservatism {antimagic,
                  | Str-4 Dex+9 Stlth-}
 26839 | Orc:1    | Identified the +9 great mace "Siunal" {drain, rPois Dex+7
                  | SInv}
 26844 | Orc:1    | Noticed Nergalle
 26851 | Orc:1    | Killed Nergalle
 26882 | Orc:1    | Found a transporter.
 26896 | Orc:1    | Found a transporter.
 27038 | Orc:1    | Reached skill level 10 in Polearms
 27053 | Orc:1    | Killed burt's ghost
 27108 | Orc:2    | Entered Level 2 of the Orcish Mines
 27185 | Orc:2    | Found a staircase to the Elven Halls.
 27731 | Orc:2    | Found a roughly hewn altar of Beogh.
 27749 | Orc:2    | Reached skill level 17 in Fighting
 27996 | Orc:2    | Noticed Urug
 28001 | Orc:2    | Killed Urug
 28009 | Orc:2    | Found Ecietis's Antique Armour Emporium.
 28021 | Orc:2    | Found Bix Nuni's Jewellery Emporium.
 28045 | Orc:2    | Bought a glimmering chain mail for 237 gold pieces
 28055 | Orc:2    | Identified the +1 chain mail "Fyvvucer" {Rampage Str+4}
                  | (You bought it in a shop on level 2 of the Orcish Mines)
 28086 | Orc:2    | Bought a +6 ring of strength for 585 gold pieces
 28457 | Orc:2    | Found Ginuy's General Store.
 28485 | Orc:2    | Found Zuhyagh's Antique Weapon Emporium.
 28780 | Shoals:1 | Entered Level 1 of the Shoals
 29711 | Shoals:1 | Reached skill level 1 in Throwing
 29788 | Shoals:1 | Noticed AtomicRavioli's ghost (adept OgFi)
 29793 | Shoals:1 | Found a runed translucent gate.
 29793 | Shoals:1 | Found a runed translucent gate.
 29793 | Shoals:1 | Found a runed translucent gate.
 29793 | Shoals:1 | Identified the +3 leather armour of Erirchomau {Int+6}
 29835 | Shoals:1 | Killed AtomicRavioli's ghost
 30505 | Shoals:2 | Found a broken altar of Ashenzari.
 30751 | Shoals:2 | You fall into a shaft and drop 1 floor!
 30980 | Shoals:2 | Found Busapa's Gadget Shop.
 31001 | Shoals:2 | Got a warped fustibalus
 31201 | Shoals:3 | Identified the +9 fustibalus "Ufaer" {venom, rElec rF++
                  | Str-4 Dex+3} (You found it on level 2 of the Shoals)
 31241 | Shoals:3 | Reached skill level 18 in Fighting
 31504 | Shoals:3 | Found Acithraje's Antique Weapon Boutique.
 31918 | Shoals:4 | Entered Level 4 of the Shoals
 31947 | Shoals:4 | Noticed Polyphemus
 31971 | Shoals:3 | Reached XP level 17. HP: 73/165 MP: 16/16
 32247 | Shoals:4 | Reached skill level 15 in Polearms
 32308 | Shoals:4 | HP: 6/165 [harpy (7)]
 32312 | Shoals:4 | Slain by a merfolk

Illustrated notes

Levels and vault maps discovered:
D:1:      minmay_arrival_floating_metal, layout_rooms
D:2:      kennysheep_six_static_rooms, layout_loops_ring, uniq_sigmund
D:3:      layout_basic, uniq_ijyb
D:4:      layout_loops_ring, nicolae_overflow_hidden_temple, uniq_pikel,
          uniq_blork_the_orc
D:5:      layout_basic, kiku_gazebo_pond_becter
D:6:      layout_cave_pods, minitemple, hangedman_abyss_or_decor_stabs
D:7:      minmay_the_grid_octo_tiled_octocenter
          [minmay_the_grid_octo_checkerflower, minmay_the_grid_octo_toaster,
          minmay_the_grid_octo_fat_diamond, minmay_the_grid_octo_concentric,
          minmay_the_grid_octo_prize_ultimate_mussel_roller,
          minmay_the_grid_square_5x5_spiral_small,
          minmay_the_grid_square_5x5_moneybag,
          minmay_the_grid_square_5x5_bridge, minmay_the_grid_square_5x5_tie],
          layout_loops_ring, fedhas_altar_fruit_tree,
          minmay_temple_entry_statues_pillars, serial_shops, shop,
          kennysheep_generic_room_2, uniq_harold, uniq_crazy_yiuf_cottage,
          uniq_prince_ribbit1, uniq_duvessa
D:8:      layout_basic, erik_lair_island, basic_altar,
          ebering_ghost_inner_flame, serial_bayou_lagoon_a
D:9:      layout_loops_ring, grunt_temple_overflow_open, special_room
          [special_room_kobold], minmay_misc_feat_cross
D:10:     layout_rooms, serial_shops, shop, nicolae_shop_statue_plus,
          nicolae_shop_behind_doors, shop, minivault_23
D:11:     wad_crossroads, layout_irregular_city, basic_altar, serial_shops,
          nicolae_shop_overgrown_old_shop, st_stairs_7, corexii_checkpoint_a,
          minivault_8, uniq_grum
D:12:     layout_cave_pods, david_orc_2, gauntlet_entry_generic, enter_bailey_3
D:13:     layout_loops_ring, lightli_vaults_fourway_checkpoint,
          grunt_decor_junction, minmay_misc_feat_encased
D:14:     layout_long_grid, minivault_14, serial_shops, nicolae_shop_waterfront,
          nicolae_shop_trees, nicolae_shop_stone, shop
D:15:     grunt_enter_depths_magical_seal, layout_basic, serial_glass,
          glass_columns_a, glass_columns_a, glass_columns_b, glass_columns_a,
          glass_columns_b, glass_columns_b, glass_columns_b, glass_columns_a,
          glass_columns_a, glass_columns_a, unseen_surprise_small,
          feat_on_display
Temple:   compressed_dpeg_triangle_lava_temple
Lair:1:   layout_misc_corridors, serial_bayou_shore_b
Lair:2:   layout_cave_pods, nicolae_spider_entry_non_spiders,
          infiniplex_staircase_pool_2, uniq_erica
Lair:3:   layout_misc_corridors, kennysheep_snail_temple
Lair:4:   layout_roguey, minmay_shoals_entry_beasts, serial_forest,
          infiniplex_forest_join, infiniplex_forest_lined_ring,
          infiniplex_forest_3_way, infiniplex_forest_lined_1,
          infiniplex_forest_clump_medium, infiniplex_forest_clump_curved,
          infiniplex_forest_clump_diagonal, infiniplex_forest_corner_1,
          infiniplex_forest_pool, infiniplex_forest_straight_3,
          lookout_lair_type, grunt_forest_large_clearing_hut, uniq_josephine
Lair:5:   layout_regular_city, dpeg_slime_entry_enclosed_altar, uniq_kirke
Lair:6:   cheibrodos_lair_end_hotspot, layout_layer_cave,
          grunt_forest_large_clearings
Shoals:1: layout_shoals, gammafunk_ghost_split,
          portal_ice_cave_entry_pillars_three
Shoals:2: layout_shoals, serial_shops, shop, lemuel_altar_in_water
Shoals:3: layout_shoals, serial_shops, nicolae_shop_trees
Shoals:4: shoals_end_hangedman, layout_shoals, uniq_bai_suzhen, uniq_polyphemus
Orc:1:    layout_caves, gammafunk_ghost_smash, mines2_david, uniq_nergalle
Orc:2:    grunt_orc_cross, layout_diamond_mine, mines3_lemuel

Skill      XL: |  1  2  3  4  5  6  7  8  9 10 11 12 13 14 15 16 17 |
---------------+----------------------------------------------------+-----
Armour         | 4 5 8 12 15 | 15.8
Shields        | 4 5 6 7 8 10 12 13 14 | 14.5
Fighting       | 4 5 6 7 8 9 11 13 14 16 18 | 18.3
Axes           | 4 5 6 8 |  8.4
Maces & Flails | 6 10 12 15 | 15.7
Long Blades    | 4 6 9 |  9.5
Invocations    | 1 |  1.2
Polearms       | 9 14 15 | 15.1
Throwing       | 1 |  1.1

Action                   |  1- 3 |  4- 6 |  7- 9 | 10-12 | 13-15 | 16-18 || total
-------------------------+-------+-------+-------+-------+-------+-------++-------
Melee: War axe           |    67 |   106 |    40 |       |       |       ||   213
       Headbutt          |     5 |    16 |    63 |   220 |   322 |   122 ||   748
       Whip              |       |       |   287 |   171 |       |       ||   458
       Mace              |       |       |       |   154 |       |       ||   154
       Flail             |       |       |       |   116 |       |       ||   116
       Morningstar       |       |       |       |   460 |   581 |       ||  1041
       Broad axe         |       |       |       |       |   233 |       ||   233
       Great sword       |       |       |       |       |     8 |       ||     8
       Demon trident     |       |       |       |       |   216 |   593 ||   809
       Scimitar          |       |       |       |       |   111 |    16 ||   127
Throw: Boomerang         |       |       |       |       |     7 |     3 ||    10
Invok: Upheaval          |       |       |       |       |     3 |     4 ||     7
  Use: Scroll            |       |     8 |     9 |    12 |    11 |     9 ||    49
       Potion            |       |       |     1 |     1 |     2 |     9 ||    13
 Stab: Invisible         |       |       |       |       |       |     4 ||     4
       Petrifying        |       |       |       |       |       |     1 ||     1
Armor: Scale mail        |    33 |    30 |     1 |       |       |       ||    64
       Plate armour      |       |       |   116 |   228 |   348 |   269 ||   961
Dodge: Dodged            |    17 |    25 |    37 |    85 |   147 |   103 ||   414
       Repelled          |       |       |       |     3 |     5 |     8 ||    16
Block: Kite shield       |    33 |    53 |   123 |   601 |   984 |   634 ||  2428
       Other             |       |       |       |       |    10 |       ||    10
       Rpst.: Great sword |       |       |       |       |     1 |       ||     1
       Scimitar          |       |       |       |       |     4 |       ||     4
